Description

Drop Archon with Zea Speed - Time Attack

Replay - ESTRATEGIA PRTOSS DROP ARCONTE COM ZEALOT SPEED

Build Order

Get SALT Encoding   

  12  0:00  Probe  
  13  0:12  Probe  
  14  0:20  Pylon  
  14  0:25  Probe  
  15  0:38  Probe (Chrono Boost)  
  16  0:44  Gateway  
  16  0:48  Probe (Chrono Boost)  
  17  0:53  Probe (Chrono Boost)  
  17  0:56  Assimilator  
  18  1:05  Probe (Chrono Boost)  
  19  1:15  Probe (Chrono Boost)  
  20  1:25  Nexus  
  20  1:36  Cybernetics Core  
  20  1:40  Probe  
  21  1:49  Assimilator  
  21  1:53  Pylon  
  21  1:55  Probe  
  23  2:10  Stalker (Chrono Boost)  
  23  2:12  Warp Gate  
  26  2:27  Gateway  
  26  2:30  Shield Battery  
  26  2:36  Adept  
  34  2:59  Twilight Council  
  34  3:10  Sentry  
  38  3:16  Robotics Facility  
  42  3:35  Gateway  
  42  3:36  Charge  
  42  3:41  Gateway  
  44  3:51  Assimilator x2  
  45  4:00  Pylon  
  46  4:08  Templar Archives  
  46  4:14  Pylon  
  46  4:18  Warp Prism  
  51  4:34  Pylon  
  52  4:40  Gateway x3  
  52  4:55  Gateway x2  
  52  5:14  High Templar x4  
  54  5:19  Archon x2  
  60  5:37  High Templar x2  
  60  5:38  Zealot x5  
  74  5:42  Archon  
  74  6:02  High Templar x2  
  74  6:03  Zealot x5  
  88  6:18  Archon  
  106  6:41  High Templar x2  
  106  6:45  Archon  
Spawning Tool Build Advisor. Get it on Overwolf

Analysis

Drop Archon with Zea Speed - Time Attack

Go to:

Details

  • Created by: DakkoN
  • Published on: Mar 23, 2018
  • Modified on: Mar 23, 2018
  • Patch: 4.0.0
Show
View Real Time Build Order
Export as new Build Order

Comments (0)

There are no comments. Be the first!

Create an account to comment!